PAA
YAKIMA HOPS @ CASPER GHOSTS
08/08/2025
 
TOP OF THE 1ST
Yakima Hops batting - Pitching for Casper Ghosts : RHP José Vega
Pitching: RHP José Vega
Batting: RHB Reginald Kalkman 0-0: Foul Ball, location: 2F
0-1: SINGLE (Flyball, 8LS)
Batting: SHB Orlando Villa 0-0: Ball
1-0: Ball
2-0: Ball
3-0: Called Strike
3-1: Foul Ball, location: 2F
3-2: Base on Balls
Reginald Kalkman to second
Batting: LHB César Nieves 0-0: Called Strike
0-1: Ball
1-1: Ball
2-1: Foul Ball, location: 2F
2-2: Strikes out swinging
Batting: LHB Pedro Tapia 0-0: Called Strike
0-1: Fly out, F8 (Flyball, 8LM)
Batting: SHB Joaquín Reyes 0-0: Foul Ball, location: 2F
0-1: Foul Ball, location: 2F
0-2: Ball
1-2: Ball
2-2: Ball
3-2: Foul Ball, location: 2F
3-2: Foul Ball, location: 2F
3-2: Foul Ball, location: 2F
3-2: Base on Balls
Reginald Kalkman to third
Orlando Villa to second
Batting: RHB Vicente Rodríguez 0-0: Ball
1-0: Swinging Strike
1-1: Foul Ball, location: 2F
1-2: Strikes out swinging
Top of the 1st over - 0 run(s), 1 hit(s), 0 error(s), 3 left on base; Yakima 0 - Casper 0
BOTTOM OF THE 1ST
Casper Ghosts batting - Pitching for Yakima Hops : LHP Mathieu Neri
Pitching: LHP Mathieu Neri
Batting: SHB Tim Fowler 0-0: Swinging Strike
0-1: Ball
1-1: Ground out 5-3 (Groundball, 56)
Batting: LHB Kyle Mann 0-0: Called Strike
0-1: Swinging Strike
0-2: Ground out 1-3 (Groundball, 15S)
Batting: RHB Félix Ramos 0-0: Ball
1-0: Ball
2-0: Called Strike
2-1: Foul Ball, location: 2F
2-2: Foul Ball, location: 2F
2-2: Foul Ball, location: 2F
2-2: Strikes out swinging
Bottom of the 1st over - 0 run(s), 0 hit(s), 0 error(s), 0 left on base; Yakima 0 - Casper 0
TOP OF THE 2ND
Yakima Hops batting - Pitching for Casper Ghosts : RHP José Vega
Batting: RHB Timothy Jones 0-0: Fly out, F9 (Flyball, 9S)
Batting: SHB Domingo Luna 0-0: Called Strike
0-1: Ball
1-1: Swinging Strike
1-2: Strikes out swinging
Batting: RHB Chad Shafer 0-0: Ball
1-0: Ball
2-0: Ball
3-0: Called Strike
3-1: Swinging Strike
3-2: Foul Ball, location: 2F
3-2: Ground out 6-3 (Groundball, 56)
Top of the 2nd over - 0 run(s), 0 hit(s), 0 error(s), 0 left on base; Yakima 0 - Casper 0
BOTTOM OF THE 2ND
Casper Ghosts batting - Pitching for Yakima Hops : LHP Mathieu Neri
Batting: RHB Ron Coffman 0-0: Ball
1-0: Ball
2-0: Called Strike
2-1: Foul Ball, location: 2F
2-2: Ball
3-2: Foul Ball, location: 2F
3-2: Strikes out looking
Batting: SHB Erjan Kerstens 0-0: Ball
1-0: Ball
2-0: Ball
3-0: Called Strike
3-1: Foul Ball, location: 2F
3-2: Ground out 4-3 (Groundball, 4)
Batting: RHB Anbrosio Oppenes 0-0: Foul Ball, location: 2F
0-1: Ball
1-1: Swinging Strike
1-2: Ball
2-2: SINGLE (Line Drive, 4D)
Batting: RHB Juan Carlos Cruz 0-0: Called Strike
0-1: Ball
1-1: Ball
2-1: Ball
3-1: Base on Balls
Anbrosio Oppenes to second
Batting: RHB Roberto De La Cruz 0-0: Fly out, F6 (Popup, 6M)
Bottom of the 2nd over - 0 run(s), 1 hit(s), 0 error(s), 2 left on base; Yakima 0 - Casper 0
TOP OF THE 3RD
Yakima Hops batting - Pitching for Casper Ghosts : RHP José Vega
Batting: RHB Reginald Kalkman 0-0: Foul Ball, location: 2F
0-1: Foul Ball, location: 2F
0-2: Ball
1-2: Ball
2-2: SINGLE (Groundball, 6D)
Batting: SHB Orlando Villa 0-0: Ball
1-0: Ball
2-0: Ball
3-0: Called Strike
3-1: Called Strike
3-2: SINGLE (Groundball, 4D)
Reginald Kalkman to second
Runner from 2nd tries for 3rd, SAFE, throw made to third
Orlando Villa to second
Pinch Runner at 3rd Lenny Roper:
Batting: LHB César Nieves 0-0: Called Strike
0-1: Ball
1-1: Foul Ball, location: 2F
1-2: Ball
2-2: DOUBLE (Flyball, 78M)
Lenny Roper scores
Orlando Villa scores
Batting: LHB Pedro Tapia 0-0: Called Strike
0-1: Foul Ball, location: 2F
0-2: Foul Ball, location: 2F
0-2: Ball
1-2: Foul Ball, location: 2F
1-2: Strikes out swinging
Batting: SHB Joaquín Reyes 0-0: Called Strike
0-1: Fly out, F7 (Flyball, 7LM)
Batting: RHB Vicente Rodríguez 0-0: Swinging Strike
0-1: Fly out, F8 (Line Drive, 8RD)
Top of the 3rd over - 2 run(s), 3 hit(s), 0 error(s), 1 left on base; Yakima 2 - Casper 0
BOTTOM OF THE 3RD
Casper Ghosts batting - Pitching for Yakima Hops : LHP Mathieu Neri
Batting: SHB Alonso Rodríguez 0-0: Ball
1-0: Ball
2-0: Ball
3-0: Called Strike
3-1: Called Strike
3-2: Strikes out swinging
Batting: SHB Tim Fowler 0-0: Ball
1-0: Ball
2-0: Ball
3-0: Called Strike
3-1: Foul Ball, location: 2F
3-2: DOUBLE (Line Drive, 89D)
Batting: LHB Kyle Mann 0-0: Ball
1-0: Called Strike
1-1: Ball
2-1: Foul Ball, location: 2F
2-2: Ground out 5-3 (Groundball, 2L)
Tim Fowler to third
Batting: RHB Félix Ramos 0-0: Ball
1-0: Ground out 6-3 (Groundball, 56)
Bottom of the 3rd over - 0 run(s), 1 hit(s), 0 error(s), 1 left on base; Yakima 2 - Casper 0
TOP OF THE 4TH
Yakima Hops batting - Pitching for Casper Ghosts : RHP José Vega
Batting: RHB Timothy Jones 0-0: Ball
1-0: Foul Ball, location: 2F
1-1: Fly out, F6 (Popup, 4MD)
Batting: SHB Domingo Luna 0-0: DOUBLE (Line Drive, 8LXD)
Batting: RHB Chad Shafer 0-0: Ball
1-0: Ball
2-0: Ball
3-0: Base on Balls
Batting: RHB Lenny Roper 0-0: SINGLE (Groundball, 4MD)
Domingo Luna to third
Chad Shafer to second
Runner from 3rd tries for Home, SAFE, no throw
Batting: SHB Orlando Villa 0-0: Ball
1-0: Ball
2-0: Foul Ball, location: 2F
2-1: Foul Ball, location: 2F
2-2: Fielders Choice at 2nd, 3-6 (Groundball, 34)
Chad Shafer to third
Batting: LHB César Nieves 0-0: Foul Ball, location: 2F
0-1: Ball
1-1: Foul Ball, location: 2F
1-2: Ball
2-2: DOUBLE (Flyball, 8RD)
Chad Shafer scores
Orlando Villa to third
Batting: LHB Pedro Tapia 0-0: Ball
1-0: DOUBLE (Flyball, 78XD)
Orlando Villa scores
César Nieves scores
Batting: SHB Joaquín Reyes 0-0: Called Strike
0-1: Ball
1-1: Swinging Strike
1-2: Ball
2-2: Ground out 4-3 (Groundball, 4)
Top of the 4th over - 4 run(s), 4 hit(s), 0 error(s), 1 left on base; Yakima 6 - Casper 0
BOTTOM OF THE 4TH
Casper Ghosts batting - Pitching for Yakima Hops : LHP Mathieu Neri
Batting: RHB Ron Coffman 0-0: Ball
1-0: Called Strike
1-1: Ball
2-1: Foul Ball, location: 2F
2-2: Ball
3-2: Base on Balls
Batting: SHB Erjan Kerstens 0-0: Swinging Strike
0-1: Ball
1-1: Swinging Strike
1-2: Ball
2-2: Ball
3-2: SINGLE (Flyball, 78S)
Ron Coffman to second
Batting: RHB Anbrosio Oppenes 0-0: Ball
1-0: Fly out, F9 (Flyball, 9LM)
Batting: RHB Juan Carlos Cruz 0-0: Ball
1-0: Ball
2-0: Called Strike
2-1: 3-RUN HOME RUN (Flyball, 7D), Distance : 377 ft
Batting: RHB Roberto De La Cruz 0-0: Called Strike
0-1: Ball
1-1: Ball
2-1: Called Strike
2-2: Ball
3-2: Foul Ball, location: 2F
3-2: Base on Balls
Batting: SHB Alonso Rodríguez 0-0: SINGLE (Groundball, 6MD)
Roberto De La Cruz to second
Batting: SHB Tim Fowler 0-0: Called Strike
0-1: Ball
1-1: Foul Ball, location: 2F
1-2: Fly out, F7 (Line Drive, 7)
Batting: LHB Kyle Mann 0-0: Swinging Strike
0-1: Called Strike
0-2: Strikes out looking
Bottom of the 4th over - 3 run(s), 3 hit(s), 0 error(s), 2 left on base; Yakima 6 - Casper 3
TOP OF THE 5TH
Yakima Hops batting - Pitching for Casper Ghosts : RHP José Vega
Pitching: RHP Anthony Snyder
Batting: RHB Vicente Rodríguez 0-0: Ball
1-0: Ball
2-0: Ball
3-0: Called Strike
3-1: Swinging Strike
3-2: Strikes out swinging
Batting: RHB Timothy Jones 0-0: Ball
1-0: Foul Ball, location: 2F
1-1: Ball
2-1: Called Strike
2-2: Foul Ball, location: 2F
2-2: Strikes out swinging
Batting: SHB Domingo Luna 0-0: Ball
1-0: Called Strike
1-1: Ball
2-1: Fly out, F8 (Flyball, 8LM)
Top of the 5th over - 0 run(s), 0 hit(s), 0 error(s), 0 left on base; Yakima 6 - Casper 3
BOTTOM OF THE 5TH
Casper Ghosts batting - Pitching for Yakima Hops : LHP Mathieu Neri
Batting: RHB Félix Ramos 0-0: Ball
1-0: Foul Ball, location: 2F
1-1: Foul Ball, location: 2F
1-2: SINGLE (Groundball, 56) (infield hit)
Batting: RHB Ron Coffman 0-0: Ball
1-0: Called Strike
1-1: Grounds into double play, 6-4-3 (Groundball, 6)
Batting: SHB Erjan Kerstens 0-0: Called Strike
0-1: Ball
1-1: Ball
2-1: Foul Ball, location: 2F
2-2: Strikes out swinging
Bottom of the 5th over - 0 run(s), 1 hit(s), 0 error(s), 0 left on base; Yakima 6 - Casper 3
TOP OF THE 6TH
Yakima Hops batting - Pitching for Casper Ghosts : RHP Anthony Snyder
Batting: RHB Chad Shafer 0-0: Ball
1-0: Ground out 6-3 (Groundball, 6)
Batting: RHB Lenny Roper 0-0: Ball
1-0: SINGLE (Groundball, 56S) (infield hit)
Batting: SHB Orlando Villa 0-0: Called Strike
0-1: Foul Ball, location: 2F
0-2: Foul Ball, location: 2F
0-2: Ball
1-2: Ball
2-2: Ball
3-2: Fielders Choice at 2nd, 6-4 (Groundball, 56)
Batting: LHB César Nieves 0-0: Called Strike
Orlando Villa is caught stealing 2nd base
Top of the 6th over - 0 run(s), 1 hit(s), 0 error(s), 0 left on base; Yakima 6 - Casper 3
BOTTOM OF THE 6TH
Casper Ghosts batting - Pitching for Yakima Hops : LHP Mathieu Neri
Pitching: LHP Cristo Perales
Batting: RHB Anbrosio Oppenes 0-0: Ball
1-0: Called Strike
1-1: Swinging Strike
1-2: Strikes out looking
Batting: RHB Juan Carlos Cruz 0-0: Hit by Pitch
Batting: RHB Roberto De La Cruz 0-0: Ball
1-0: Ball
2-0: Called Strike
2-1: Fly out, F4 (Popup, 4)
Batting: SHB Alonso Rodríguez 0-0: Ball
1-0: Called Strike
1-1: SINGLE (Line Drive, 6MD)
Juan Carlos Cruz to second
Batting: SHB Tim Fowler 0-0: Ball
1-0: Called Strike
1-1: Swinging Strike
1-2: Ball
2-2: Foul Ball, location: 2F
2-2: Ball
3-2: Strikes out swinging
Bottom of the 6th over - 0 run(s), 1 hit(s), 0 error(s), 2 left on base; Yakima 6 - Casper 3
TOP OF THE 7TH
Yakima Hops batting - Pitching for Casper Ghosts : RHP Anthony Snyder
Batting: LHB César Nieves 0-0: Ball
1-0: Foul Ball, location: 2F
1-1: Foul Ball, location: 2F
1-2: SINGLE (Line Drive, 4D)
Batting: LHB Pedro Tapia 0-0: Foul Ball, location: 2F
0-1: Foul Ball, location: 2F
0-2: Ball
1-2: Strikes out swinging
Batting: SHB Joaquín Reyes 0-0: SINGLE (Line Drive, 9LS)
César Nieves to second
Batting: RHB Vicente Rodríguez 0-0: SINGLE (Groundball, 6MD)
César Nieves to third
Joaquín Reyes to second
Batting: RHB Timothy Jones 0-0: GRAND SLAM HOME RUN (Flyball, 7D), Distance : 404 ft
Pitching: RHP Jim Unknown
Batting: SHB Domingo Luna 0-0: Swinging Strike
0-1: Swinging Strike
0-2: DOUBLE (Line Drive, 9)
Batting: RHB Chad Shafer 0-0: Ball
1-0: Ball
2-0: Foul Ball, location: 2F
2-1: Foul Ball, location: 2F
2-2: Strikes out swinging
Batting: RHB Lenny Roper 0-0: Foul Ball, location: 2F
0-1: Ball
1-1: Foul Ball, location: 2F
1-2: Ball
2-2: Foul Ball, location: 2F
2-2: Foul Ball, location: 2F
2-2: Ground out 3-1 (Groundball, 34S)
Top of the 7th over - 4 run(s), 5 hit(s), 0 error(s), 1 left on base; Yakima 10 - Casper 3
BOTTOM OF THE 7TH
Casper Ghosts batting - Pitching for Yakima Hops : LHP Cristo Perales
Batting: LHB Kyle Mann 0-0: Called Strike
0-1: Called Strike
0-2: Ball
1-2: Strikes out looking
Batting: RHB Félix Ramos 0-0: Ball
1-0: Ball
2-0: Ball
3-0: Called Strike
3-1: Ground out 4-3 (Groundball, 4)
Batting: RHB Ron Coffman 0-0: Swinging Strike
0-1: Ball
1-1: Called Strike
1-2: Foul Ball, location: 2F
1-2: Ball
2-2: Foul Ball, location: 2F
2-2: Ball
3-2: Strikes out looking
Bottom of the 7th over - 0 run(s), 0 hit(s), 0 error(s), 0 left on base; Yakima 10 - Casper 3
TOP OF THE 8TH
Yakima Hops batting - Pitching for Casper Ghosts : RHP Jim Unknown
Batting: SHB Orlando Villa 0-0: Called Strike
0-1: Fly out, F8 (Flyball, 8RS)
Batting: LHB César Nieves 0-0: Fly out, F7 (Flyball, 7S)
Batting: LHB Pedro Tapia 0-0: Ball
1-0: Fly out, F8 (Flyball, 8LM)
Top of the 8th over - 0 run(s), 0 hit(s), 0 error(s), 0 left on base; Yakima 10 - Casper 3
BOTTOM OF THE 8TH
Casper Ghosts batting - Pitching for Yakima Hops : LHP Cristo Perales
Batting: SHB Erjan Kerstens 0-0: Ball
1-0: Foul Ball, location: 2F
1-1: Swinging Strike
1-2: Ball
2-2: Ball
3-2: Foul Ball, location: 2F
3-2: Foul Ball, location: 2F
3-2: Base on Balls
Batting: RHB Anbrosio Oppenes 0-0: Ball
1-0: Ball
2-0: Foul Ball, location: 2F
2-1: Ball
3-1: Foul Ball, location: 2F
3-2: Foul Ball, location: 2F
3-2: Fly out, F7 (Flyball, 7LD)
Pitching: LHP Finn Wuilink
Batting: RHB Juan Carlos Cruz 0-0: Called Strike
0-1: Ball
1-1: Swinging Strike
1-2: Ball
2-2: Foul Ball, location: 2F
2-2: Strikes out swinging
Batting: RHB Roberto De La Cruz 0-0: Ball
1-0: Called Strike
1-1: Foul Ball, location: 2F
1-2: Ball
2-2: SINGLE (Line Drive, 7S)
Erjan Kerstens to second
Pinch Hitting: RHB Freddy Carea 0-0: Foul Ball, location: 2F
0-1: Swinging Strike
0-2: Ball
1-2: Strikes out swinging
Bottom of the 8th over - 0 run(s), 1 hit(s), 0 error(s), 2 left on base; Yakima 10 - Casper 3
TOP OF THE 9TH
Yakima Hops batting - Pitching for Casper Ghosts : RHP Jim Unknown
Pitching: LHP Jim Unknown
Now in LF: Bert Cook
Batting: SHB Joaquín Reyes 0-0: Called Strike
0-1: Swinging Strike
0-2: Ball
1-2: Ball
2-2: Strikes out swinging
Batting: RHB Vicente Rodríguez 0-0: Foul Ball, location: 2F
0-1: Ball
1-1: Ball
2-1: Called Strike
2-2: Foul Ball, location: 2F
2-2: Foul Ball, location: 2F
2-2: Ground out 5-3 (Groundball, 5)
Batting: RHB Timothy Jones 0-0: Called Strike
0-1: Ball
1-1: Foul Ball, location: 2F
1-2: Fly out, F9 (Flyball, 9LMF)
Top of the 9th over - 0 run(s), 0 hit(s), 0 error(s), 0 left on base; Yakima 10 - Casper 3
BOTTOM OF THE 9TH
Casper Ghosts batting - Pitching for Yakima Hops : LHP Finn Wuilink
Batting: SHB Tim Fowler 0-0: Called Strike
0-1: Ground out 6-3 (Groundball, 6)
Batting: LHB Kyle Mann 0-0: Swinging Strike
0-1: Foul Ball, location: 2F
0-2: Strikes out swinging
Batting: RHB Félix Ramos 0-0: Called Strike
0-1: Swinging Strike
0-2: Strikes out looking
Bottom of the 9th over - 0 run(s), 0 hit(s), 0 error(s), 0 left on base; Yakima 10 - Casper 3
Friday, December 30th, 2016 - OOTP Baseball 17.12 Build 75